Map: [ESL] Moondance

Players

piglet

  • Race: Terran Terran
  • Spawn Location: 12:00

uThermal - Winner!

  • Race: Terran Terran
  • Spawn Location: 6:00

Event: DreamHack SC2 Masters 2022 Valencia

VOD

Have the link to the VOD?

Description

Time

  • Played on: July 1, 2022, 9:56 a.m.
  • Length: 20:39

All games in this series

Show
View Real Time Build Order
Export as new Build Order

piglet Terran 

Build Orders: Gas First Reaper Expand 

Get SALT Encoding   

  12  0:00  SCV  
  13  0:12  SCV  
  14  0:17  Supply Depot  
  14  0:24  SCV  
  14  0:27  Refinery  
  15  0:38  SCV  
  16  0:44  Barracks  
  16  0:50  SCV  
  17  1:02  SCV  
  18  1:15  SCV  
  19  1:31  Orbital Command, Reaper  
  20  1:43  Command Center  
  20  1:57  Factory  
  20  1:58  SCV  
  21  2:06  Barracks Reactor  
  21  2:11  SCV  
  21  2:12  Refinery  
  22  2:16  Supply Depot  
  22  2:23  SCV  
  23  2:38  SCV  
  23  2:40  Starport  
  23  2:41  Hellion  
  23  2:43  Marine x2  
  28  2:50  SCV  
  29  2:55  Supply Depot  
  29  3:01  Marine  
  29  3:02  SCV  
  31  3:07  Marine  
  31  3:13  Factory Tech Lab  
  31  3:14  SCV  
  32  3:20  Starport Tech Lab  
  32  3:22  Orbital Command  
  32  3:26  SCV  
  33  3:28  Refinery  
  36  3:37  Marine x2  
  36  3:38  Raven  
  37  3:42  SCV  
  38  3:49  SCV  
  38  3:51  Siege Tank  
  38  3:54  SCV  
  38  3:55  Marine x2  
  45  4:01  SCV  
  46  4:06  SCV  
  47  4:13  SCV  
  48  4:17  Marine  
  48  4:18  SCV, Marine  
  48  4:22  Raven, Supply Depot  
  48  4:23  Supply Depot  
  53  4:26  SCV  
  53  4:30  SCV  
  52  4:35  Marine  
  52  4:38  SCV  
  54  4:43  SCV, Siege Tank, Marine  
  54  4:44  Supply Depot  
  59  4:53  Marine  
  59  4:55  Barracks  
  59  4:56  Command Center  
  59  4:58  SCV  
  59  4:59  SCV  
  62  5:05  Raven  
  64  5:10  Refinery, SCV  
  64  5:11  SCV  
  64  5:12  Marine  
  67  5:15  Siege Tank  
  70  5:23  SCV x2  
  70  5:25  Factory  
  72  5:29  Supply Depot  
  72  5:33  Marine x2  
  72  5:35  SCV x2  
  76  5:37  Supply Depot  
  76  5:41  Supply Depot  
  76  5:47  SCV x2  
  78  5:51  Siege Tank  
  81  5:59  SCV  
  81  6:00  Supply Depot  
  81  6:01  Engineering Bay, Supply Depot  
  81  6:03  SCV  
  82  6:07  Viking  
  82  6:11  Orbital Command, Refinery, SCV  
  85  6:15  Viking  
  85  6:16  SCV  
  88  6:23  SCV  
  89  6:26  Siege Tank  
  89  6:28  SCV  
  89  6:30  Siege Tank  
  96  6:35  SCV  
  96  6:37  Viking  
  96  6:39  SCV  
  100  6:40  SCV  
  100  6:45  Viking  
  103  6:47  SCV, Supply Depot  
  103  6:51  SCV  
  103  6:52  Barracks Reactor  
  105  6:55  Starport  
  105  6:56  SCV  
  105  6:59  SCV  
  106  7:02  Siege Tank  
  106  7:07  Viking, SCV  
  103  7:10  SCV  
  101  7:20  Viking  
  103  7:24  Siege Tank  
  106  7:34  Supply Depot, Missile Turret, Command Center  
  106  7:37  Siege Tank, Missile Turret  
  109  7:41  Viking  
  111  7:48  Viking  
  110  8:08  Command Center  
  110  8:11  Viking  
  110  8:18  Viking  
  110  8:19  Siege Tank  
  115  8:24  Supply Depot  
  115  8:26  SCV  
  116  8:29  SCV, Supply Depot  
  115  8:35  Siege Tank  
  115  8:41  Viking  
  118  8:46  SCV  
  118  8:48  Viking  
  121  8:52  Refinery  
  121  8:54  Siege Tank  
  124  8:56  Refinery  
  124  8:59  SCV, Armory  
  125  9:03  SCV x2  
  125  9:07  Siege Tank  
  130  9:11  Viking, SCV  
  130  9:15  SCV  
  134  9:18  Viking  
  134  9:20  Orbital Command  
  134  9:23  Factory, SCV x2  
  138  9:26  Cyclone  
  138  9:29  Missile Turret  
  138  9:30  Planetary Fortress  
  141  9:35  SCV, Missile Turret  
  141  9:37  Missile Turret  
  138  9:40  SCV  
  138  9:43  SCV  
  137  9:46  SCV, Missile Turret  
  137  9:52  Siege Tank  
  141  9:55  Liberator  
  141  9:56  Command Center  
  138  10:02  SCV  
  138  10:04  SCV  
  138  10:06  Siege Tank  
  127  10:08  Viking  
  127  10:15  Factory Tech Lab, Terran Vehicle Weapons Level 1  
  127  10:19  Factory  
  127  10:28  Refinery, Missile Turret  
  126  10:29  Refinery  
  126  10:30  Missile Turret  
  126  10:33  Cyclone  
  126  10:39  Missile Turret, Cyclone  
  126  10:40  Missile Turret  
  126  10:41  Missile Turret  
  129  10:46  Missile Turret  
  129  10:47  Thor  
  129  10:48  Missile Turret  
  130  11:02  SCV x2  
  116  11:05  Thor  
  116  11:10  Thor  
  126  11:15  SCV  
  126  11:16  SCV  
  126  11:18  SCV, Planetary Fortress  
  127  11:19  SCV  
  127  11:21  Factory Tech Lab  
  129  11:25  Factory  
  129  11:26  Factory  
  129  11:27  Factory  
  129  11:28  Mag-Field Accelerator  
  129  11:35  Missile Turret  
  129  11:42  Siege Tank, Command Center  
  129  11:44  Thor  
  138  11:53  Missile Turret  
  138  12:00  Sensor Tower  
  138  12:03  Siege Tank x2  
  143  12:09  Sensor Tower  
  143  12:14  Thor  
  149  12:22  Factory Tech Lab x2  
  146  12:23  Terran Vehicle Weapons Level 2  
  146  12:27  Siege Tank  
  149  12:30  Factory Tech Lab  
  149  12:32  Armory  
  149  12:35  Factory Reactor  
  151  12:37  Hellion x2  
  153  12:57  Thor  
  152  13:05  Hellion, Thor  
  160  13:10  Missile Turret  
  160  13:12  Missile Turret  
  160  13:18  Missile Turret x2  
  160  13:22  Siege Tank  
  160  13:23  Hellion  
  160  13:26  Terran Vehicle And Ship Armor Level 1  
  165  13:29  Thor  
  171  13:34  Missile Turret  
  171  13:40  Thor x2  
  183  13:45  Hi-Sec Auto Tracking  
  183  13:53  Thor  
  183  13:55  Hellion x2  
  193  13:56  Thor  
  199  14:06  Starport Tech Lab x2  
  199  14:14  Planetary Fortress  
  199  14:24  Refinery  
  199  14:26  Sensor Tower  
  199  14:27  Refinery  
  199  14:35  Missile Turret  
  199  14:36  Missile Turret  
  199  14:44  Thor x2  
  188  14:47  Hellion, Siege Tank  
  188  14:48  Hellion, Siege Tank  
  188  14:49  Siege Tank  
  188  14:51  Hellion  
  163  14:54  Raven  
  163  14:55  Raven  
  143  15:04  SCV x2  
  143  15:06  SCV  
  136  15:14  Hellion, Infernal Pre-Igniter  
  136  15:15  Smart Servos  
  136  15:16  Thor  
  136  15:18  Corvid Reactor  
  142  15:25  SCV x3  
  142  15:26  SCV  
  146  15:31  Siege Tank  
  146  15:32  Missile Turret  
  146  15:35  Orbital Command  
  149  15:43  Drilling Claws  
  149  15:44  Thor  
  149  15:45  Thor  
  161  15:56  Thor  
  165  16:02  Terran Vehicle And Ship Armor Level 2, Terran Vehicle Weapons Level 3  
  165  16:05  Siege Tank  
  165  16:06  Raven  
  165  16:07  Raven  
  170  16:14  Siege Tank  
  170  16:17  SCV x3  
  174  16:23  Hellion, Siege Tank  
  177  16:29  Thor  
  183  16:34  Sensor Tower  
  183  16:39  Refinery, Missile Turret  
  183  16:40  Refinery  
  183  16:45  Siege Tank  
  186  16:49  Raven  
  186  16:51  Siege Tank  
  186  16:52  Hellion  
  186  16:53  Raven  
  195  17:00  Missile Turret  
  195  17:07  Hellion, Siege Tank  
  200  17:12  Siege Tank  
  200  17:13  Hellion  
  200  17:20  Command Center  
  198  17:29  Hellion  
  200  17:33  Command Center  
  200  17:49  Hellion, Siege Tank x2  
  200  17:50  Hellion, Siege Tank  
  195  17:51  Siege Tank  
  195  17:52  Hellion  
  195  17:56  Siege Tank  
  153  17:58  Raven x2  
  139  18:11  Hellion  
  139  18:12  Hellion  
  140  18:13  Siege Tank  
  140  18:21  Hellion  
  140  18:25  Siege Tank  
  140  18:26  Hellion  
  143  18:36  Thor  
  143  18:37  Hellion  
  143  18:39  Terran Ship Weapons Level 1  
  149  18:41  Raven x2  
  149  18:44  Siege Tank  
  149  18:45  Hellion  
  152  18:53  Hellion, Siege Tank  
  154  18:57  Hellion  
  154  19:05  Hellion x2  
  154  19:06  Hellion  
  160  19:14  Hellion  
  154  19:18  Orbital Command, Thor  
  154  19:23  Planetary Fortress  
  158  19:25  Command Center  
  158  19:28  Command Center  
  158  19:36  Hellion x2  
  162  19:40  Refinery  
  162  19:41  Hellion, Refinery, Siege Tank  
  162  19:44  Hellion, Siege Tank  
  172  19:52  Siege Tank  
  173  19:58  Hellion x2  
  155  20:01  Siege Tank  
  155  20:02  Siege Tank  
  155  20:06  Hellion  
  135  20:13  Hellion  
  137  20:16  Hellion  
Show
View Real Time Build Order
Export as new Build Order

uThermal Terran - Winner!

Build Orders: Cyclone Opening 

Get SALT Encoding   

  12  0:00  SCV  
  13  0:12  SCV  
  14  0:17  Supply Depot  
  14  0:24  SCV  
  15  0:38  SCV  
  15  0:40  Barracks  
  16  0:43  Refinery  
  16  0:50  SCV  
  16  0:52  Refinery  
  17  1:02  SCV  
  18  1:14  SCV  
  19  1:27  Orbital Command, Reaper  
  19  1:30  Supply Depot  
  20  1:41  Factory  
  20  1:52  SCV  
  21  1:59  Reaper  
  22  2:04  SCV  
  23  2:17  SCV  
  24  2:24  Command Center  
  24  2:26  Factory Tech Lab  
  24  2:30  SCV  
  24  2:34  Barracks Reactor  
  25  2:40  Starport  
  25  2:43  SCV  
  26  2:53  Cyclone  
  26  2:55  SCV  
  30  3:01  Supply Depot  
  30  3:10  SCV  
  31  3:22  SCV, Marine x2  
  31  3:25  Cyclone  
  37  3:30  Medivac  
  37  3:32  Refinery  
  39  3:36  SCV  
  39  3:39  Orbital Command  
  40  3:45  Marine x2  
  40  3:48  SCV  
  43  4:00  SCV  
  43  4:02  Marine  
  44  4:03  Marine  
  44  4:05  Factory Tech Lab  
  44  4:06  SCV  
  44  4:09  Supply Depot  
  47  4:11  Raven  
  47  4:12  SCV  
  48  4:19  SCV  
  48  4:20  Marine  
  48  4:21  Marine  
  51  4:24  SCV  
  51  4:31  SCV, Siege Tank  
  50  4:36  SCV  
  50  4:38  Marine  
  54  4:39  Supply Depot  
  54  4:40  Marine  
  54  4:43  SCV  
  57  4:48  SCV  
  58  4:53  Raven  
  58  4:55  SCV  
  58  4:59  Command Center  
  61  5:00  SCV  
  61  5:04  Siege Tank  
  65  5:08  Refinery, SCV  
  65  5:13  Marine  
  67  5:14  Marine  
  67  5:17  SCV  
  67  5:21  SCV  
  70  5:28  Supply Depot  
  70  5:29  Supply Depot  
  70  5:50  SCV x2, Siege Tank  
  70  5:54  Barracks  
  70  5:55  Barracks  
  75  5:58  Viking x2  
  75  6:02  SCV x2, Marine, Stimpack  
  82  6:09  Engineering Bay  
  82  6:12  Engineering Bay  
  82  6:14  SCV x2  
  84  6:19  Marine  
  84  6:22  Siege Tank  
  88  6:26  SCV x2  
  88  6:28  Viking  
  88  6:29  Supply Depot  
  88  6:30  Viking  
  94  6:37  Marine  
  94  6:38  SCV x2  
  94  6:39  Terran Infantry Weapons Level 1  
  97  6:40  Terran Infantry Armor Level 1  
  97  6:43  Orbital Command  
  97  6:49  Barracks Reactor x2  
  97  6:50  SCV x2  
  99  6:55  Siege Tank  
  99  7:03  Viking, SCV  
  99  7:10  SCV x2  
  99  7:13  Marine  
  99  7:15  SCV  
  101  7:20  Barracks  
  101  7:21  Barracks, Supply Depot x2  
  101  7:22  SCV  
  99  7:26  Viking, Marine x2  
  99  7:27  Siege Tank  
  99  7:29  Supply Depot  
  105  7:30  SCV  
  105  7:33  Viking, Supply Depot  
  105  7:34  SCV, Marine  
  109  7:42  Marine  
  109  7:43  Marine  
  111  7:46  SCV  
  111  7:47  Supply Depot  
  111  7:49  Marine, Combat Shield  
  113  7:52  Armory  
  113  7:55  Supply Depot  
  113  7:56  Supply Depot  
  113  7:57  SCV, Marine  
  115  8:01  Siege Tank  
  115  8:02  Marine  
  115  8:03  Marine  
  111  8:06  Viking  
  111  8:10  Viking  
  112  8:14  Marine  
  112  8:15  Barracks Tech Lab  
  112  8:16  Barracks Tech Lab, SCV  
  112  8:17  SCV x2  
  116  8:21  Marine x2  
  116  8:22  Marine  
  116  8:26  Refinery  
  119  8:27  Refinery  
  119  8:28  SCV  
  119  8:29  SCV  
  119  8:33  Marine  
  118  8:34  Siege Tank  
  118  8:36  Viking, Marine  
  118  8:38  Concussive Shells  
  118  8:41  Marine x2, Marauder  
  122  8:43  SCV  
  122  8:44  Marine  
  122  8:47  Marine  
  129  8:52  SCV, Supply Depot  
  129  8:53  Marine  
  129  8:54  Marauder  
  133  8:59  Marine x2  
  133  9:00  Viking  
  133  9:02  Marine  
  138  9:03  Marauder  
  138  9:06  Viking, Marine  
  143  9:10  Marine  
  143  9:16  Supply Depot  
  143  9:17  Terran Infantry Weapons Level 2  
  144  9:18  Terran Infantry Armor Level 2  
  144  9:19  Marine  
  144  9:20  Marine  
  144  9:21  Marine x2  
  148  9:24  Supply Depot  
  148  9:25  Marine  
  148  9:26  Marine  
  148  9:28  Marine  
  148  9:31  Viking  
  153  9:37  Marine x2  
  157  9:40  Marine  
  157  9:41  Marauder  
  157  9:43  Supply Depot  
  157  9:45  Liberator  
  161  9:46  Marine x2, Marauder  
  161  9:51  Siege Tank  
  168  9:55  Supply Depot, Marine x2  
  170  10:05  Marine x2, Marauder x2  
  151  10:10  Marine  
  133  10:14  Viking  
  133  10:16  Marine x2  
  137  10:23  Siege Tank  
  137  10:27  Smart Servos  
  140  10:29  Command Center  
  140  10:30  Viking, Marine  
  140  10:31  Marauder  
  140  10:33  Marine  
  146  10:41  Marine x2, Marauder  
  148  10:44  Viking  
  149  10:56  Siege Tank  
  146  10:58  Marine, Marauder  
  146  11:02  Marine x2  
  146  11:03  Marauder x2  
  127  11:11  SCV x3  
  123  11:21  Marine, Marauder  
  123  11:23  SCV, Medivac  
  123  11:24  Medivac  
  129  11:26  SCV  
  129  11:27  Marine x2  
  129  11:29  Marine x2  
  129  11:30  Sensor Tower  
  129  11:31  Sensor Tower, Command Center  
  134  11:34  Siege Tank  
  134  11:37  Marine  
  139  11:40  SCV x2  
  139  11:43  Marauder  
  139  11:44  Orbital Command  
  139  11:45  Marine  
  143  11:48  SCV  
  143  11:53  SCV x2  
  146  11:54  Marine x2  
  146  11:55  Marauder x2  
  146  12:01  Viking x2, Marine  
  156  12:03  Marine  
  156  12:04  Marine  
  158  12:08  Starport  
  158  12:10  Starport  
  158  12:12  Marine x2  
  158  12:16  Marine  
  158  12:17  Marine  
  158  12:19  Marine  
  158  12:21  Missile Turret, Starport x2  
  164  12:22  Siege Tank  
  164  12:25  SCV x4  
  164  12:27  Marine  
  164  12:28  Marine  
  170  12:30  Marine  
  170  12:32  Marine  
  170  12:34  Marauder  
  170  12:35  Marine  
  175  12:37  SCV x2  
  175  12:38  SCV x2, Marine  
  175  12:43  Medivac x2  
  184  12:45  Marine  
  184  12:47  Orbital Command, Marine, Marauder, Starport Tech Lab  
  184  12:48  Starport Tech Lab  
  188  12:58  Siege Tank  
  184  12:59  Starport Tech Lab x2  
  184  13:00  Marine x2, Marauder x2  
  187  13:09  Corvid Reactor  
  187  13:11  Barracks x2  
  187  13:12  Raven, Barracks  
  187  13:13  Raven  
  187  13:17  Raven  
  187  13:19  Refinery  
  193  13:20  Refinery  
  193  13:21  Refinery  
  193  13:22  Raven  
  193  13:24  Refinery  
  195  13:30  Siege Tank  
  198  13:36  Command Center  
  198  13:40  Viking  
  200  13:55  Terran Infantry Weapons Level 3  
  200  13:56  Terran Infantry Armor Level 3  
  200  14:00  Command Center  
  200  14:07  Command Center  
  200  14:10  Terran Ship Weapons Level 1  
  200  14:13  Armory  
  200  14:24  Barracks Tech Lab x3, Missile Turret  
  200  14:27  Missile Turret  
  200  14:31  Starport  
  200  14:32  Starport  
  200  14:33  Starport  
  197  14:44  Marine, Marauder  
  186  14:48  Raven x2  
  186  14:49  Marine x2  
  186  14:50  Marauder x2  
  141  14:53  Marine x2, Marauder x2  
  141  14:55  Raven  
  131  15:02  Marine  
  131  15:06  Marauder  
  128  15:07  Marine x2  
  128  15:10  Marine  
  128  15:11  Marauder  
  128  15:13  Orbital Command  
  128  15:14  Starport Reactor x2, Starport Tech Lab  
  133  15:21  Terran Vehicle And Ship Armor Level 1  
  133  15:23  Marine x3, Marauder x2  
  133  15:25  Marine  
  133  15:27  Medivac, Missile Turret  
  143  15:29  Marine  
  143  15:30  Marine  
  143  15:32  SCV  
  143  15:33  SCV  
  143  15:34  SCV  
  148  15:35  Marine  
  148  15:36  Marine  
  148  15:39  SCV  
  151  15:44  SCV  
  151  15:45  SCV  
  151  15:48  Planetary Fortress  
  151  15:49  Marine x2  
  157  15:50  Marauder  
  157  15:54  Raven x2  
  157  15:56  Raven  
  161  15:58  Marine  
  161  15:59  Marine  
  161  16:02  SCV x2  
  165  16:06  SCV x2, Marine  
  165  16:07  Marauder  
  165  16:11  Terran Ship Weapons Level 2  
  170  16:14  Orbital Command, SCV  
  170  16:16  Raven  
  170  16:17  SCV  
  170  16:18  SCV x2  
  172  16:22  Raven  
  172  16:23  Refinery  
  172  16:24  Refinery  
  175  16:27  Marine, Marauder x2  
  175  16:28  Marine x2  
  175  16:30  Marine x2  
  175  16:31  Marauder  
  184  16:34  Marauder x2  
  184  16:39  Fusion Core  
  188  16:43  Raven  
  188  16:44  Raven  
  188  16:45  Marine  
  188  16:46  Marine  
  194  16:48  Marauder  
  194  16:52  Missile Turret, Sensor Tower  
  194  16:53  Marine x2, Marauder  
  200  17:01  Neosteel Armor, Hi-Sec Auto Tracking  
  200  17:15  Missile Turret  
  198  17:16  Raven, Missile Turret  
  200  17:28  Barracks  
  200  17:30  Barracks x2  
  200  17:33  Barracks  
  200  17:35  Advanced Ballistics  
  200  17:40  Command Center  
  200  17:42  Command Center  
  200  17:43  Sensor Tower, Command Center  
  196  17:50  Refinery x2  
  176  17:52  Raven  
  176  17:53  Marine x2  
  176  17:54  Marine, Marauder x2  
  176  17:55  Marauder  
  176  17:57  Marine  
  176  17:58  Marine, Marauder  
  154  17:59  Raven x3, Marauder  
  158  18:06  SCV x3  
  158  18:11  Marine x2  
  158  18:12  Marine  
  160  18:15  Marine, Marauder x2  
  160  18:16  Marauder  
  160  18:18  Marine, Marauder  
  160  18:19  Medivac x2  
  172  18:20  Marine  
  172  18:27  Raven  
  170  18:29  Marine x2  
  170  18:30  Marine  
  170  18:32  Barracks Tech Lab x2, Barracks Reactor x2  
  175  18:34  Raven  
  175  18:36  Marauder  
  175  18:37  Marauder  
  174  18:45  Marine  
  174  18:46  Raven, Marauder  
  174  18:47  Marine x2, Marauder  
  174  18:48  Marauder  
  178  18:50  Raven  
  178  18:51  Marine x2  
  178  18:52  Marauder x2  
  178  18:54  Weapon Refit  
  183  18:57  Marine  
  183  18:58  Marauder  
  184  19:02  Raven  
  184  19:03  Marine  
  184  19:07  Marauder  
  182  19:10  Raven  
  182  19:12  Marine  
  182  19:13  Marauder  
  182  19:16  Viking x2  
  178  19:23  SCV x6  
  184  19:32  Marine x3, Marauder x2  
  184  19:33  Marauder  
  184  19:34  Raven x2  
  184  19:35  Marine  
  184  19:36  Orbital Command, Marauder  
  184  19:38  Orbital Command  
  197  19:58  Marine  
  197  19:59  Marauder  
  198  20:08  Missile Turret  
  198  20:09  Missile Turret  
  198  20:10  Marauder  
  199  20:17  Marine x2, Marauder x2  
  199  20:18  Marine  

Tags
 
Add a new tag
Caveats
  • Supply blocks, unpowered buildings, or Contaminate may cause inaccurate times.
  • Supply counts are checked every 10 seconds.